[Event "Titled Tuesday Blitz May 4 2021"]
[White "Gedgafov, Chamal"]
[Black "Kostiukov, Alexandr"]
[WhiteFideId "34130621"]
[BlackFideId "14108100"]
[WhiteElo "2005"]
[BlackElo "2240"]
[Result "1-0"]
[Round "09"]
[TimeControl "180+1"]
[Date "2021.05.04"]
[WhiteClock "0:00:33"]
[BlackClock "0:00:17"]

1. d4 g6 2. c4 Bg7 3. e4 d6 4. Nc3 e5 5. d5 f5 6. exf5 gxf5 7. Be2 Nf6 8. Bg5 O-O 9. Qd2 a5 10. Bh6 Qe8 11. Bxg7 Kxg7 12. O-O-O Na6 13. f4 Nc5 14. Nf3 Nfe4 15. Nxe4 Nxe4 16. Qc2 Nf2 17. g3 Nxh1 18. Rxh1 e4 19. Qc3+ Rf6 20. Nd4 c5 21. dxc6 bxc6 22. h3 c5 23. Nb5 Ra6 24. g4 fxg4 25. hxg4 Bxg4 26. Bxg4 e3 27. Bf3 Qg6 28. Nc7 Ra7 29. Nd5 Rf7 30. Nxf6 Qxf6 31. Qxf6+ Rxf6 32. Rg1+ Kh6 33. Kd1 Rxf4 34. Ke2 Rxc4 35. Kxe3 Rc2 36. Rg2 Rxg2 37. Bxg2 Kg5 38. Ke4 Kg4 39. Kd5 Kg3 40. Bh1 Kh2 41. Be4 h5 42. Kxd6 Kg3 43. Kxc5 Kf4 44. Bb7 a4 45. Kb4 1-0


[Site "https://www.chess.com"]

[Event "Titled Tuesday Blitz May 4 2021"]
[White "Girish, A. Koushik"]
[Black "Rytenko, Vsevolod"]
[WhiteFideId "5038448"]
[BlackFideId "14133040"]
[WhiteElo "2387"]
[BlackElo "2228"]
[Result "1-0"]
[Round "09"]
[TimeControl "180+1"]
[Date "2021.05.04"]
[WhiteClock "0:01:21"]
[BlackClock "0:01:00"]

1. d4 d5 2. c4 c6 3. Nf3 Nf6 4. e3 Bg4 5. Nc3 e6 6. h3 Bh5 7. g4 Bg6 8. Qb3 Qb6 9. Ne5 Nbd7 10. Nxg6 hxg6 11. Bg2 Bd6 12. c5 Qxb3 13. axb3 Bc7 14. b4 O-O 15. b5 e5 16. O-O exd4 17. exd4 a6 18. b6 Bd8 19. b4 Rc8 20. Bf4 Nh7 21. Nxd5 cxd5 22. Bxd5 Bf6 23. Bxb7 Bxd4 24. Rad1 Nxc5 25. bxc5 Rxc5 26. Rxd4 1-0


[Site "https://www.chess.com"]

[Event "Titled Tuesday Blitz May 4 2021"]
[White "Golubev, Mikhail"]
[Black "Porter, Ryan W"]
[WhiteFideId "14100983"]
[BlackFideId "2011239"]
[WhiteElo "2374"]
[BlackElo "2399"]
[Result "1-0"]
[Round "09"]
[TimeControl "180+1"]
[Date "2021.05.04"]
[WhiteClock "0:00:20"]
[BlackClock "0:00:24"]

1. e4 d6 2. d4 Nf6 3. Nc3 g6 4. Be3 a6 5. f3 b5 6. Bd3 Nbd7 7. Qd2 Bb7 8. a4 b4 9. Nce2 c5 10. dxc5 dxc5 11. Nh3 Bg7 12. Rd1 O-O 13. O-O Qc7 14. Bc4 Nb6 15. Bb3 a5 16. Bf4 e5 17. Bg5 Rfd8 18. Qe3 c4 19. Rxd8+ Rxd8 20. Ba2 Rd7 21. Bxf6 Bxf6 22. f4 Nxa4 23. f5 Be7 24. Kh1 Qc5 25. Qh6 Bf8 26. Qh4 Nb6 27. fxg6 fxg6 28. Ng5 Qe3 29. Ne6 Be7 30. Qxe7 1-0


[Site "https://www.chess.com"]

[Event "Titled Tuesday Blitz May 4 2021"]
[White "Gombocz, Ferenc Jr."]
[Black "Ljukin, Sergei"]
[WhiteFideId "775029"]
[BlackFideId "14102200"]
[WhiteElo "1913"]
[BlackElo "2287"]
[Result "1-0"]
[Round "09"]
[TimeControl "180+1"]
[Date "2021.05.04"]
[WhiteClock "0:00:31"]
[BlackClock "0:00:14"]

1. c4 c6 2. g3 d5 3. Nf3 Nf6 4. Bg2 Bf5 5. Qb3 Qb6 6. d3 Qxb3 7. axb3 e6 8. Nh4 Bg4 9. h3 Bh5 10. g4 Bg6 11. Nxg6 hxg6 12. Nc3 Na6 13. O-O Nc5 14. Ra3 Be7 15. Bd2 O-O 16. b4 Ncd7 17. Nd1 a6 18. c5 e5 19. f4 Rfe8 20. fxe5 Nxe5 21. Bf4 Bf8 22. Nf2 Rad8 23. Bxe5 Rxe5 24. e4 dxe4 25. dxe4 Rd2 26. Rc3 Re8 27. b3 Red8 28. Re1 Ra2 29. Rd3 Rxd3 30. Nxd3 Rd2 31. Nf4 1-0


[Site "https://www.chess.com"]

[Event "Titled Tuesday Blitz May 4 2021"]
[White "Gritsenko, Nikolai"]
[Black "Budrewicz, Krzysztof"]
[WhiteFideId "14112493"]
[BlackFideId "1127950"]
[WhiteElo "2389"]
[BlackElo "2276"]
[Result "1-0"]
[Round "09"]
[TimeControl "180+1"]
[Date "2021.05.04"]
[WhiteClock "0:00:26"]
[BlackClock "0:00:14"]

1. b3 d5 2. Bb2 c5 3. Nf3 Nc6 4. e3 f6 5. d4 Bg4 6. Be2 e6 7. Nbd2 cxd4 8. exd4 Bd6 9. O-O Nge7 10. c4 O-O 11. Re1 Rc8 12. a3 Re8 13. Rc1 Bh5 14. Nf1 a5 15. Ne3 Bf7 16. Bf1 Bb8 17. g3 a4 18. cxd5 Nxd5 19. b4 Nxe3 20. Rxe3 Ne7 21. Rxc8 Qxc8 22. Qxa4 Nd5 23. Re1 Rd8 24. Qb3 Qd7 25. Bh3 h5 26. Bc1 g5 27. Bxg5 fxg5 28. Nxg5 Re8 29. Qf3 Bc7 30. Bf1 Bd8 31. Ne4 Bg6 32. Nc5 Qf7 33. Qe2 Bf6 34. Bh3 Bxd4 35. Bxe6 Rxe6 36. Nxe6 Nc3 37. Qd2 Bb6 38. Nc5 Bxc5 39. bxc5 Ne4 40. Qe3 Nf6 41. f3 Nd5 42. Qf2 Kg7 43. a4 Nb4 44. Qd4+ Kh6 45. Qxb4 Kh7 46. Qf4 Qa2 47. Re7+ Kg8 48. Qb8+ 1-0


[Site "https://www.chess.com"]

[Event "Titled Tuesday Blitz May 4 2021"]
[White "Haessel, Dale R."]
[Black "Wisniowski, Natalie"]
[WhiteFideId "2012618"]
[BlackFideId "30929261"]
[WhiteElo "2167"]
[BlackElo "1702"]
[Result "0-1"]
[Round "09"]
[TimeControl "180+1"]
[Date "2021.05.04"]
[WhiteClock "0:00:02"]
[BlackClock "0:00:25"]

1. d4 d5 2. c4 c6 3. Nc3 Nf6 4. e3 Bf5 5. Qb3 Qd7 6. Nf3 e6 7. Ne5 Qc7 8. Bd2 Bd6 9. f4 O-O 10. Rc1 Ne4 11. c5 Be7 12. g4 Bh4+ 13. Ke2 Bg6 14. Nxg6 fxg6 15. Nxe4 dxe4 16. Qxe6+ Kh8 17. Qxe4 Nd7 18. g5 Rae8 19. Qg2 Qxf4 20. Kd3 Qxg5 21. Qxg5 Bxg5 22. Bh3 Nf6 23. Rhf1 Nd5 24. Rxf8+ Rxf8 25. Rf1 Rxf1 26. Bxf1 Kg8 27. Bh3 Kf7 28. Bc8 b6 29. Bb7 Ne7 30. cxb6 axb6 31. a4 Bf6 32. b4 g5 33. a5 bxa5 34. bxa5 Nd5 35. a6 Nc7 36. Ba5 Nb5 37. Bxc6 Na7 38. Bd5+ Ke7 39. Bb6 Nc8 40. a7 Nxb6 41. a8=Q Nxa8 42. Bxa8 Kd6 43. e4 Bd8 44. Bd5 h5 45. Bf7 h4 46. e5+ Ke7 47. Bh5 Bc7 48. Bg4 g6 49. h3 Bb8 50. Ke4 Ba7 51. d5 Bc5 0-1


[Site "https://www.chess.com"]

[Event "Titled Tuesday Blitz May 4 2021"]
[White "Hartikainen, Jarmo"]
[Black "Kanyamarala, Tarun"]
[WhiteFideId "503134"]
[BlackFideId "45004714"]
[WhiteElo "2081"]
[BlackElo "2086"]
[Result "0-1"]
[Round "09"]
[TimeControl "180+1"]
[Date "2021.05.04"]
[WhiteClock "0:00:21"]
[BlackClock "0:01:07"]

1. e4 c5 2. Nf3 Nc6 3. d4 cxd4 4. Nxd4 Nf6 5. Nc3 e5 6. Ndb5 d6 7. Bg5 a6 8. Bxf6 gxf6 9. Na3 Bg7 10. Nd5 f5 11. Bd3 Ne7 12. c4 Nxd5 13. cxd5 Qa5+ 14. Qd2 Qxd2+ 15. Kxd2 fxe4 16. Bxe4 f5 17. Bc2 b5 18. Rab1 Bb7 19. Bb3 Rg8 20. g3 Ke7 21. Nc2 a5 22. Ne3 Bh6 23. a3 a4 24. Ba2 Raf8 25. Rbc1 Kd8 26. Ke2 f4 27. gxf4 exf4 28. Rhg1 fxe3 29. fxe3 Rxg1 30. Rxg1 Re8 31. Rg3 Bc8 32. Bb1 Re7 33. e4 Bd7 34. Bd3 Rg7 35. Rf3 Bg4 0-1


[Site "https://www.chess.com"]

[Event "Titled Tuesday Blitz May 4 2021"]
[White "Havanecz, Bianka"]
[Black "Melkevik, Johannes"]
[WhiteFideId "704814"]
[BlackFideId "1501836"]
[WhiteElo "2318"]
[BlackElo "1727"]
[Result "1-0"]
[Round "09"]
[TimeControl "180+1"]
[Date "2021.05.04"]
[WhiteClock "0:01:41"]
[BlackClock "0:00:17"]

1. d4 Nf6 2. c4 e6 3. Nc3 Bb4 4. Qc2 O-O 5. Nf3 b6 6. e4 d5 7. cxd5 exd5 8. e5 Ne4 9. Bd3 c5 10. O-O cxd4 11. Nxe4 dxe4 12. Bxe4 Ba6 13. Rd1 Nd7 14. Bxa8 Qxa8 15. Rxd4 Bc5 16. Rxd7 Bb5 17. Rd1 Rc8 18. Qf5 Qc6 19. Ng5 h6 20. Qxf7+ Kh8 21. Ne6 Be2 22. Qxg7# 1-0


[Site "https://www.chess.com"]

[Event "Titled Tuesday Blitz May 4 2021"]
[White "Heinemann, Josefine"]
[Black "Begunov, Konstantin"]
[WhiteFideId "12900460"]
[BlackFideId "4118510"]
[WhiteElo "2300"]
[BlackElo "2262"]
[Result "0-1"]
[Round "09"]
[TimeControl "180+1"]
[Date "2021.05.04"]
[WhiteClock "0:00:03"]
[BlackClock "0:00:31"]

1. e4 c5 2. Nf3 d6 3. d4 cxd4 4. Nxd4 Nf6 5. Nc3 a6 6. f3 e5 7. Nb3 b5 8. Be3 Bb7 9. Qd2 Nbd7 10. g4 b4 11. Nd5 Bxd5 12. exd5 Nb6 13. Bxb6 Qxb6 14. O-O-O a5 15. Kb1 g6 16. h4 h5 17. g5 Nd7 18. Bh3 Bg7 19. Qe2 Qc7 20. Nd4 O-O 21. Nc6 Nc5 22. Qc4 Rfe8 23. Rhe1 Qb6 24. Re2 Na4 25. Qb3 Qb5 26. Red2 Nc5 27. Qe3 e4 28. fxe4 Rxe4 29. Qf3 Rae8 30. Qf1 Qxf1 31. Rxf1 Rxh4 32. Bg2 Rg4 33. a3 Rxg5 34. axb4 axb4 35. Nxb4 Na4 36. c3 Nxc3+ 37. bxc3 Bxc3 0-1


[Site "https://www.chess.com"]

[Event "Titled Tuesday Blitz May 4 2021"]
[White "Hernandez Jimenez, Alexander Andres"]
[Black "Provotorov, Ivan"]
[WhiteFideId "3900452"]
[BlackFideId "4154657"]
[WhiteElo "2151"]
[BlackElo "2244"]
[Result "0-1"]
[Round "09"]
[TimeControl "180+1"]
[Date "2021.05.04"]
[WhiteClock "0:00:01"]
[BlackClock "0:00:19"]

1. e4 g6 2. d4 Bg7 3. Nc3 d6 4. Nf3 a6 5. a4 Nd7 6. Bc4 e6 7. O-O Ne7 8. Re1 O-O 9. e5 d5 10. Bf1 c5 11. Be3 cxd4 12. Bxd4 Nc6 13. h4 h6 14. h5 g5 15. a5 g4 16. Nh2 g3 17. Ng4 Nxd4 18. Qxd4 gxf2+ 19. Qxf2 Qg5 20. Qe2 Qxh5 21. Nf6+ Nxf6 22. exf6 Qxe2 23. fxg7 Qg4 24. gxf8=Q+ Kxf8 25. Ra4 Qg3 26. Rd1 Bd7 27. Rd3 Qg5 28. Rb4 Bc6 29. Ne2 e5 30. Rg3 Qh5 31. Rbg4 Ke7 32. Rg7 d4 33. Nc1 Qf5 34. Nd3 e4 35. Nf2 e3 36. Nh3 Qf6 0-1


[Site "https://www.chess.com"]

[Event "Titled Tuesday Blitz May 4 2021"]
[White "Hess, Robert"]
[Black "Indjic, Aleksandar"]
[WhiteFideId "2022036"]
[BlackFideId "911925"]
[WhiteElo "2557"]
[BlackElo "2591"]
[Result "0-1"]
[Round "09"]
[TimeControl "180+1"]
[Date "2021.05.04"]
[WhiteClock "0:00:01"]
[BlackClock "0:01:12"]

1. d4 Nf6 2. c4 c5 3. d5 e6 4. Nc3 exd5 5. cxd5 d6 6. Nf3 g6 7. h3 Bg7 8. Bf4 O-O 9. Nd2 Nh5 10. Bh2 f5 11. e3 f4 12. e4 Nd7 13. Be2 Ne5 14. O-O Qg5 15. Kh1 Qh4 16. Nf3 Nxf3 17. Bxf3 Be5 18. Rc1 Nf6 19. b4 b6 20. bxc5 bxc5 21. Nb5 Rf7 22. Na3 g5 23. Nc4 g4 24. Nxe5 dxe5 25. hxg4 Bxg4 26. Rxc5 Rg7 27. g3 Qh5 28. Rc3 Rg6 29. Rg1 Nxe4 30. Bxg4 Nxf2+ 31. Kg2 Nxg4 32. Rh1 Qf5 33. Bg1 Rf8 0-1


[Site "https://www.chess.com"]

[Event "Titled Tuesday Blitz May 4 2021"]
[White "Howell, David W L"]
[Black "Jobava, Baadur"]
[WhiteFideId "410608"]
[BlackFideId "13601520"]
[WhiteElo "2643"]
[BlackElo "2748"]
[Result "1/2-1/2"]
[Round "09"]
[TimeControl "180+1"]
[Date "2021.05.04"]
[WhiteClock "0:00:27"]
[BlackClock "0:01:16"]

1. d4 d5 2. c4 c6 3. Nc3 Nf6 4. cxd5 cxd5 5. Bf4 Nc6 6. e3 e6 7. Bd3 Be7 8. Nf3 Bd7 9. h3 O-O 10. Rc1 Qa5 11. O-O Rfc8 12. Qe2 Qd8 13. a3 Be8 14. Rc2 h6 15. Rfc1 a6 16. Ne5 Nxe5 17. Bxe5 Rc6 18. Nb1 Rac8 19. Rxc6 Rxc6 20. Rxc6 Bxc6 21. Qc2 Qd7 22. Nd2 Ne8 23. Qc3 Nd6 24. Bxd6 Bxd6 25. Nb3 Qc7 26. Na5 Bb5 27. Qxc7 Bxc7 28. Bxb5 Bxa5 29. Bd7 Bd2 1/2-1/2


[Site "https://www.chess.com"]

[Event "Titled Tuesday Blitz May 4 2021"]
[White "Iljushina, Olga"]
[Black "Cuevas, Alex"]
[WhiteFideId "4152280"]
[BlackFideId "114260"]
[WhiteElo "1967"]
[BlackElo "2289"]
[Result "0-1"]
[Round "09"]
[TimeControl "180+1"]
[Date "2021.05.04"]
[WhiteClock "0:00:25"]
[BlackClock "0:01:14"]

1. d4 Nf6 2. c4 e6 3. g3 d5 4. Bg2 Be7 5. Nf3 O-O 6. O-O dxc4 7. e3 Nbd7 8. Qe2 Nb6 9. Rd1 c6 10. b3 cxb3 11. axb3 Qd5 12. Nbd2 Qb5 13. Qxb5 cxb5 14. Ne5 Nfd5 15. Bb2 a5 16. e4 Nb4 17. Ba3 Re8 18. Rdc1 f6 19. Nef3 Bd7 20. Rc7 Bc6 21. Rxe7 Rxe7 22. d5 exd5 23. Nd4 dxe4 24. Nxc6 bxc6 25. Bxe4 Rd8 26. Bxb4 axb4 27. Bxc6 Rxd2 28. Ra6 Nd5 29. Ra8+ Kf7 30. Rd8 Rd1+ 31. Kg2 Ne3+ 32. fxe3 Rxd8 33. Bxb5 0-1


[Site "https://www.chess.com"]

[Event "Titled Tuesday Blitz May 4 2021"]
[White "Isajevsky, Anton"]
[Black "De Silva, L M S T"]
[WhiteFideId "4142500"]
[BlackFideId "9953698"]
[WhiteElo "2510"]
[BlackElo "1621"]
[Result "1-0"]
[Round "09"]
[TimeControl "180+1"]
[Date "2021.05.04"]
[WhiteClock "0:00:04"]
[BlackClock "0:00:05"]

1. c4 e5 2. g3 Nf6 3. Bg2 d5 4. cxd5 Nxd5 5. Nf3 Nc6 6. O-O Nb6 7. b3 Be7 8. Bb2 Bf6 9. Nc3 Bf5 10. d3 O-O 11. Nd2 Qd7 12. Rc1 a5 13. Nce4 Be7 14. Nc5 Bxc5 15. Rxc5 f6 16. a3 Bh3 17. Qc2 Bxg2 18. Kxg2 Kh8 19. Rc1 Rae8 20. Nf3 Nd5 21. Qc4 Nde7 22. Qb5 Rb8 23. b4 axb4 24. axb4 Ng6 25. Qc4 Ra8 26. Bc3 Rf7 27. b5 Nd8 28. Rd5 Qe8 29. Bd2 Ne6 30. Be3 Rc8 31. b6 h6 32. Ra5 f5 33. Nxe5 Re7 34. Nf3 f4 35. gxf4 Nef8 36. f5 Ne5 37. Nxe5 Rxe5 38. Rxe5 Qxe5 39. bxc7 Qxf5 40. Qe4 Qd7 41. Bf4 Ne6 42. Bg3 Ng5 43. Qxb7 Qh3+ 44. Kg1 h5 45. Rb1 Kh7 46. Qxc8 Qxc8 47. Rb8 Qe6 48. c8=Q Qxe2 49. Qf5+ Kh6 50. Rb6+ 1-0


[Site "https://www.chess.com"]

[Event "Titled Tuesday Blitz May 4 2021"]
[White "Iskusnyh, Sergei"]
[Black "Srihari L R"]
[WhiteFideId "4120027"]
[BlackFideId "46617116"]
[WhiteElo "2492"]
[BlackElo "2121"]
[Result "1/2-1/2"]
[Round "09"]
[TimeControl "180+1"]
[Date "2021.05.04"]
[WhiteClock "0:00:07"]
[BlackClock "0:00:04"]

1. d4 d5 2. c4 e6 3. Nf3 c5 4. cxd5 exd5 5. g3 Nc6 6. Bg2 Nf6 7. O-O Be7 8. dxc5 Bxc5 9. a3 O-O 10. b4 Bb6 11. Nc3 Be6 12. Bb2 Re8 13. Na4 Ne4 14. Nxb6 axb6 15. e3 Nd6 16. Ne5 Nxe5 17. Bxe5 Nc4 18. Bd4 Nxa3 19. Qh5 f6 20. Rfd1 Bf7 21. Qg4 Qd6 22. Bb2 Nb5 23. Rxa8 Rxa8 24. h4 h5 25. Qf5 Qxb4 26. Bxd5 Nd6 27. Bxf7+ Nxf7 28. Bd4 Qa5 29. Qe6 Qa2 30. Qxb6 Qa6 31. Qc7 b5 32. Ra1 Qc8 33. Rxa8 Qxa8 34. Qb6 Qd5 35. Qb8+ Kh7 36. Kh2 Nd6 37. Qd8 Qe6 38. Qb6 Qd5 39. Kg1 Ne4 40. Qa6 Nd2 41. Qa1 Nf3+ 42. Kf1 Ne5 43. Bxe5 fxe5 44. Qb1+ e4 45. Kg2 Qc4 46. Qd1 b4 47. Qxh5+ Kg8 48. Qe8+ Kh7 49. Qh5+ Kg8 50. Qe8+ Kh7 51. Qh5+ 1/2-1/2


[Site "https://www.chess.com"]

[Event "Titled Tuesday Blitz May 4 2021"]
[White "Janaszak, Dawid"]
[Black "Ozen, Bahadir"]
[WhiteFideId "1119206"]
[BlackFideId "6337058"]
[WhiteElo "2332"]
[BlackElo "2503"]
[Result "0-1"]
[Round "09"]
[TimeControl "180+1"]
[Date "2021.05.04"]
[WhiteClock "0:00:30"]
[BlackClock "0:00:45"]

1. e4 g6 2. Nc3 Bg7 3. d4 d6 4. Bg5 a6 5. f4 b5 6. Nf3 Bb7 7. Bd3 Nd7 8. e5 c5 9. exd6 cxd4 10. Ne4 Ngf6 11. Qe2 Kf8 12. O-O-O h6 13. Bh4 exd6 14. Nxd6 Bd5 15. Ne5 Nc5 16. Bxf6 Qxf6 17. Ne4 Bxe4 18. Bxe4 Qxf4+ 19. Kb1 Qxe5 20. Rxd4 Qxd4 0-1


[Site "https://www.chess.com"]

[Event "Titled Tuesday Blitz May 4 2021"]
[White "Jarovinsky, Alexey"]
[Black "Triapishko, Alexandr"]
[WhiteFideId "14115131"]
[BlackFideId "14122286"]
[WhiteElo "2446"]
[BlackElo "2490"]
[Result "1-0"]
[Round "09"]
[TimeControl "180+1"]
[Date "2021.05.04"]
[WhiteClock "0:00:07"]
[BlackClock "0:00:01"]

1. Nc3 c5 2. e4 Nc6 3. Bb5 g6 4. Bxc6 bxc6 5. d3 Bg7 6. Bd2 d6 7. Qc1 Rb8 8. b3 f5 9. Nge2 Nf6 10. Bh6 O-O 11. Bxg7 Kxg7 12. O-O e5 13. f4 Qe7 14. exf5 Bxf5 15. Ng3 Bd7 16. Re1 Nd5 17. Nxd5 cxd5 18. Qe3 d4 19. Qe4 Be6 20. fxe5 d5 21. Qe2 Qg5 22. Rad1 Rb7 23. Qd2 Qg4 24. Qe2 Qg5 25. Qd2 Qg4 26. Rf1 Rbf7 27. Rxf7+ Rxf7 28. Rf1 Rxf1+ 29. Kxf1 h5 30. Qe2 Qf4+ 31. Kg1 h4 32. Nf1 h3 33. g3 Qf5 34. Nd2 Qg5 35. Kf2 a5 36. Nf3 Qc1 37. Qd2 Qh1 38. Qf4 Qg2+ 39. Ke1 Bf5 40. e6 Qxc2 41. Qe5+ Kh7 42. e7 Qc3+ 43. Kf2 Qc2+ 44. Ke1 Qc3+ 45. Nd2 1-0


[Site "https://www.chess.com"]

[Event "Titled Tuesday Blitz May 4 2021"]
[White "Jary, Sergey"]
[Black "Grineva, Marianna"]
[WhiteFideId "14110350"]
[BlackFideId "14102013"]
[WhiteElo "2260"]
[BlackElo "1925"]
[Result "1-0"]
[Round "09"]
[TimeControl "180+1"]
[Date "2021.05.04"]
[WhiteClock "0:01:33"]
[BlackClock "0:00:05"]

1. d4 Nf6 2. g3 d6 3. Bg2 Nbd7 4. e4 c6 5. Ne2 g6 6. O-O Bg7 7. b4 O-O 8. a4 e5 9. Bb2 Qb6 10. c3 exd4 11. a5 Qc7 12. cxd4 Re8 13. Nd2 Nf8 14. Rc1 Bg4 15. f3 Bd7 16. d5 c5 17. bxc5 dxc5 18. Nc4 Bb5 19. d6 Qc6 20. e5 N6d7 21. f4 Qa6 22. Qb3 Ne6 23. Rfd1 Rac8 24. Bd5 Nb8 25. Nc3 Bc6 26. Ne4 Bxd5 27. Rxd5 Nd7 28. Qa4 Red8 29. Na3 b6 30. Qb5 Qb7 31. Rcd1 a6 32. Qb3 b5 33. Nc4 Nd4 34. R1xd4 cxd4 35. Ncd2 Qc6 36. Bxd4 Qc2 37. Qxc2 Rxc2 38. Kf2 Ra2 39. Bc3 Rc8 40. Bb4 Rc4 41. Nc3 Rc2 42. Nb1 Rxb4 43. Ke3 Rbb2 44. Kd3 Ra2 45. Nb3 Rcb2 46. N1d2 Bf8 47. g4 Ra3 48. Kc3 Rba2 49. f5 gxf5 50. gxf5 Ra4 51. e6 fxe6 52. fxe6 Nf6 53. Rg5+ Bg7 54. d7 Rxd2 55. Rxg7+ Kxg7 56. Nxd2 Nxd7 57. exd7 Ra3+ 58. Nb3 b4+ 59. Kxb4 Ra2 60. d8=Q Kg6 1-0


[Site "https://www.chess.com"]

[Event "Titled Tuesday Blitz May 4 2021"]
[White "Josse, Mark"]
[Black "Shahinyan, David"]
[WhiteFideId "414476"]
[BlackFideId "13304380"]
[WhiteElo "2290"]
[BlackElo "2372"]
[Result "1-0"]
[Round "09"]
[TimeControl "180+1"]
[Date "2021.05.04"]
[WhiteClock "0:00:54"]
[BlackClock "0:00:21"]

1. c4 c5 2. g3 g6 3. Bg2 Bg7 4. Nc3 Nc6 5. a3 a5 6. e3 e5 7. Nge2 Nge7 8. O-O O-O 9. Nd5 d6 10. d3 Nxd5 11. Bxd5 Rb8 12. Nc3 Bh3 13. Bg2 Bxg2 14. Kxg2 Ne7 15. Qf3 Qd7 16. Bd2 g5 17. Nd5 Nxd5 18. Qxd5 b5 19. e4 bxc4 20. dxc4 Rxb2 21. Bxg5 Qb7 22. Rfd1 Qxd5 23. Rxd5 f5 24. Be7 Rf7 25. Bxd6 fxe4 26. Bxc5 Rc2 27. Be3 Rxc4 28. Rxa5 h5 29. h3 Rb7 30. Rd5 Rb2 31. a4 Rc3 32. Kg1 Rcb3 33. a5 Rb1+ 34. Rxb1 Rxb1+ 35. Kg2 Ra1 36. Rd8+ Kf7 37. Ra8 Bf8 38. a6 1-0


[Site "https://www.chess.com"]

[Event "Titled Tuesday Blitz May 4 2021"]
[White "Jumabayev, Rinat"]
[Black "Papasimakopoulos, Alexandros"]
[WhiteFideId "13702661"]
[BlackFideId "4244125"]
[WhiteElo "2535"]
[BlackElo "2352"]
[Result "1-0"]
[Round "09"]
[TimeControl "180+1"]
[Date "2021.05.04"]
[WhiteClock "0:01:14"]
[BlackClock "0:00:35"]

1. d4 e6 2. c4 Nf6 3. Nc3 Bb4 4. e3 O-O 5. Ne2 c6 6. a3 Ba5 7. Ng3 Bc7 8. Bd3 d5 9. O-O Re8 10. Qc2 e5 11. cxd5 exd4 12. exd4 cxd5 13. Bg5 Be6 14. Bxh7+ Kf8 15. Bf5 Nc6 16. Rad1 Rc8 17. Nh5 Qd7 18. Bxf6 Bxf5 19. Bxg7+ Kg8 20. Qd2 Qd6 21. Ng3 Bh7 22. Nb5 Qg6 23. Nxc7 Rxc7 24. Bh6 Rce7 25. Be3 Qg4 26. b4 a6 27. a4 Na7 28. Rc1 Nc8 29. Rc5 Nb6 30. Bg5 Re6 31. h3 Re2 32. hxg4 1-0


[Site "https://www.chess.com"]

[Event "Titled Tuesday Blitz May 4 2021"]
[White "Kabanov, Nikolai"]
[Black "Von Buelow, Georg"]
[WhiteFideId "4127820"]
[BlackFideId "4620658"]
[WhiteElo "2376"]
[BlackElo "2216"]
[Result "1-0"]
[Round "09"]
[TimeControl "180+1"]
[Date "2021.05.04"]
[WhiteClock "0:00:02"]
[BlackClock "0:00:01"]

1. e4 c5 2. Nf3 d6 3. d4 cxd4 4. Nxd4 Nf6 5. Nc3 a6 6. a4 e6 7. Be2 Nc6 8. O-O Be7 9. b3 O-O 10. Bb2 Qc7 11. Re1 Nxd4 12. Qxd4 b6 13. Bf3 Bb7 14. Qd3 Rfd8 15. Rad1 Rac8 16. Re2 Nd7 17. Qe3 Bf6 18. Red2 Bxc3 19. Bxc3 Qxc3 20. Qxc3 Rxc3 21. Rxd6 Rc7 22. Rxb6 Kf8 23. c4 Ke7 24. Rbd6 Rdc8 25. e5 Bxf3 26. gxf3 Nxe5 27. Rxa6 Nxf3+ 28. Kg2 Nh4+ 29. Kf1 Nf5 30. Rb6 h5 31. a5 Ra8 32. a6 Rca7 33. Ra1 Kd7 34. b4 Kc7 35. c5 Ne7 36. b5 g6 37. Rd6 Kc8 38. Rd3 Nd5 39. Rda3 Rc7 40. b6 Rxc5 41. b7+ Kb8 42. bxa8=Q+ Kxa8 43. a7 Rc7 44. Rf3 f5 45. Rb3 Rxa7 46. Rxa7+ Kxa7 47. Rb2 Ka6 48. Ke2 Ka7 49. Kf3 g5 50. h4 gxh4 51. Kg2 Nf4+ 52. Kh2 Ka6 53. Rb3 Ka5 54. Re3 Ka4 55. Rf3 Ng6 56. Re3 1-0


[Site "https://www.chess.com"]

[Event "Titled Tuesday Blitz May 4 2021"]
[White "Kalashian, David"]
[Black "Voege, Tobias"]
[WhiteFideId "13302418"]
[BlackFideId "1270513"]
[WhiteElo "2490"]
[BlackElo "2283"]
[Result "0-1"]
[Round "09"]
[TimeControl "180+1"]
[Date "2021.05.04"]
[WhiteClock "0:00:04"]
[BlackClock "0:00:07"]

1. e4 c5 2. Nc3 Nc6 3. Nf3 g6 4. d4 cxd4 5. Nxd4 Bg7 6. Be3 Nf6 7. Bc4 O-O 8. Bb3 d6 9. f3 Nxd4 10. Bxd4 Be6 11. Qd2 Qa5 12. O-O Rfc8 13. Rad1 Nd7 14. Rfe1 Bxd4+ 15. Qxd4 Qc5 16. Bd5 Rab8 17. Re2 b5 18. Bxe6 fxe6 19. a3 a5 20. Qf2 b4 21. axb4 Qxf2+ 22. Kxf2 axb4 23. Na4 b3 24. cxb3 Rxb3 25. Rd4 Rcb8 26. Rc4 R8b7 27. Rec2 Ne5 28. Rc7 Kf7 29. Rxb7 Rxb7 30. h3 Rb4 31. Nc3 Rxb2 32. Rxb2 Nd3+ 33. Ke3 Nxb2 34. Ne2 e5 35. Nc3 Nc4+ 36. Kd3 Nb6 37. Nb5 Nd7 38. Nc7 Nf6 39. Ke3 h5 40. g4 Nh7 41. h4 hxg4 42. fxg4 Nf6 43. Kf3 e6 44. g5 Nh5 45. Nb5 Ke7 46. Nc3 Nf4 47. Kg4 d5 48. Kf3 d4 49. Ne2 Nh5 50. Ng3 Nf4 51. Ne2 Nd3 52. Ng3 Nc5 53. Ne2 Nb3 54. Ng3 Nd2+ 55. Ke2 Nc4 56. Kd3 Ne3 57. Ke2 Ng2 58. h5 Nf4+ 59. Kf3 Nxh5 60. Nf1 Nf4 61. Nd2 Nh3 62. Kg4 Nf2+ 63. Kf3 Nd3 64. Nc4 Nf4 65. Nxe5 Nh3 66. Nc6+ Kd6 67. Nxd4 Nxg5+ 68. Ke3 e5 69. Ne2 Ke6 70. Ng3 Nf7 71. Ne2 Nd6 72. Ng3 Nb5 73. Ne2 g5 74. Ng1 Nd4 75. Nh3 Kf6 76. Ng1 g4 77. Kf2 Kg5 78. Kg3 Kh5 79. Kf2 Kh4 80. Kg2 Kh5 81. Kg3 Kg5 82. Kg2 Kf4 83. Kf2 Kxe4 84. Kg3 Kf5 85. Kf2 Kf4 86. Kg2 e4 87. Kf2 e3+ 88. Kg2 g3 89. Nh3+ Kg4 90. Ng1 e2 91. Nf3 Nxf3 92. Kh1 e1=Q+ 93. Kg2 Qg1# 0-1


[Site "https://www.chess.com"]

[Event "Titled Tuesday Blitz May 4 2021"]
[White "Kanyamarala, Trisha"]
[Black "Terletsky, Oleg"]
[WhiteFideId "45004722"]
[BlackFideId "14116774"]
[WhiteElo "2074"]
[BlackElo "2094"]
[Result "0-1"]
[Round "09"]
[TimeControl "180+1"]
[Date "2021.05.04"]
[WhiteClock "0:00:02"]
[BlackClock "0:00:17"]

1. d4 Nf6 2. c4 g6 3. Nc3 Bg7 4. e4 d6 5. Nf3 O-O 6. Be2 e5 7. d5 a5 8. h3 Na6 9. Bg5 h6 10. Be3 Nh5 11. Qd2 Kh7 12. g4 Nf4 13. Bxf4 exf4 14. Qxf4 Nc5 15. Nd2 a4 16. a3 f5 17. gxf5 gxf5 18. Rg1 fxe4 19. Qe3 Bf5 20. O-O-O Qf6 21. Rg3 Rae8 22. Rdg1 Re7 23. h4 Qd4 24. Rxg7+ Qxg7 25. Rxg7+ Rxg7 26. Qd4 Re7 27. Nf1 Nb3+ 0-1


[Site "https://www.chess.com"]

[Event "Titled Tuesday Blitz May 4 2021"]
[White "Karttunen, Mika"]
[Black "Juhasz, Agoston"]
[WhiteFideId "502081"]
[BlackFideId "778346"]
[WhiteElo "2343"]
[BlackElo "2211"]
[Result "1-0"]
[Round "09"]
[TimeControl "180+1"]
[Date "2021.05.04"]
[WhiteClock "0:00:24"]
[BlackClock "0:00:02"]

1. b3 Nf6 2. Bb2 b6 3. f4 Bb7 4. e3 c5 5. Nf3 e6 6. d3 Be7 7. Nbd2 d6 8. e4 O-O 9. Qe2 Nc6 10. g4 d5 11. g5 Nd7 12. Bg2 f5 13. exf5 exf5 14. O-O-O d4 15. Nc4 Kh8 16. h4 Re8 17. Qf2 Qc7 18. Qg3 b5 19. Nce5 Ncxe5 20. fxe5 Bf8 21. Rde1 Bd5 22. h5 Qc6 23. Rh2 Kg8 24. Kb1 Re7 25. Nh4 Bxg2 26. Rxg2 Rae8 27. Rge2 Qe6 28. g6 h6 29. Bc1 a5 30. Ng2 a4 31. Nf4 Qa6 32. e6 Nf6 33. Qh3 axb3 34. cxb3 c4 35. Qxf5 cxb3 36. a3 Ra7 37. e7 Bxe7 38. Re6 1-0


[Site "https://www.chess.com"]